AoeStats
← Gripen

Arena

510980478Analyzed
4v4 RM · 4h ago on Oct 3, 2026· 41m 30s· 8 players
Game mode
Random Map
Map size
Large (8 player)
Population
200
Speed
Normal
Resources
Standard
Victory
Conquest
Starting age
Dark Age
Ending age
Imperial Age
RankedLock teamsTeams togetherTeam positionsShared explorationLock speedFull tech treeHidden civsTurbo modeCheats
Victory
Defeat
🇮🇹 Danes · Italy
1589
+9
🇩🇪 Poles · Germany
1535
+11
🇮🇹 Cumans · Italy
1508
+12
🇸🇪 Khmer · Sweden
1495
+14
🇮🇹 Malay · Italy
1711
-22
🇨🇳 Mongols · China
1428
-11
🇯🇵 Vietnamese · Japan
1312
-7
1259
-6
Gripen
9:16 Feudal Age
12:59 Castle Age
11:30 Double-Bit Axe
12:40 Horse Collar
19:01 Fervor
19:47 Sanctity
20:43 Wheelbarrow
21:19 Loom
22:51 Hand Cart
23:31 Gold Mining
23:35 Stone Mining
24:15 Town Watch
27:15 Imperial Age
27:35 Capped Ram
28:06 Elite Battle Elephant
28:47 Husbandry
28:58 Bloodlines
29:54 Chemistry
28:58 Padded Archer Armor
29:03 Scale Barding Armor
29:42 Forging
30:34 Leather Archer Armor
30:37 Masonry
30:37 Elite Skirmisher
32:05 Chain Barding Armor
32:37 Architecture
32:09 Fletching
33:18 Iron Casting
34:03 Plate Barding Armor
33:24 Bodkin Arrow
33:34 Tusk Swords
34:42 Conscription
35:39 Blast Furnace
35:32 Bracer
36:12 Scale Mail Armor
37:04 Siege Engineers
37:58 Ring Archer Armor
37:44 Chain Mail Armor
39:12 Ballistics
39:14 Double Crossbow
38:36 Elite Ballista Elephant
39:51 Hoardings
40:05 Fortified Wall
40:56 Caravan
42:15 Gold Shaft Mining
tschipe2_0
10:49 Feudal Age
11:55 Double-Bit Axe
15:13 Castle Age
13:11 Horse Collar
16:12 Bow Saw
21:57 Heavy Plow
22:41 Stone Mining
23:57 Gold Mining
26:20 Wheelbarrow
26:05 Town Watch
26:31 Scale Barding Armor
26:37 Forging
27:36 Bloodlines
27:26 Husbandry
28:06 Szlachta Privileges
30:35 Imperial Age
28:21 Hand Cart
28:28 Chain Barding Armor
28:44 Iron Casting
28:45 Fletching
30:39 Cavalier
32:22 Blast Furnace
31:46 Conscription
32:05 Hoardings
32:19 Crop Rotation
31:47 Bodkin Arrow
31:46 Light Cavalry
32:32 Winged Hussar
36:20 Chemistry
35:01 Treadmill Crane
35:27 Siege Engineers
37:39 Crossbowman
38:26 Thumb Ring
38:23 Bracer
38:51 Ballistics
40:42 Coinage
Shul
8:40 Feudal Age
9:41 Double-Bit Axe
9:37 Horse Collar
19:33 Castle Age
17:37 Loom
18:28 Gold Mining
19:10 Scale Barding Armor
19:16 Forging
19:30 Bloodlines
21:34 Chain Barding Armor
25:20 Wheelbarrow
26:31 Iron Casting
29:38 Bow Saw
29:16 Town Watch
32:25 Imperial Age
30:00 Town Patrol
30:19 Hand Cart
32:09 Heavy Plow
32:55 Cavalier
34:12 Plate Barding Armor
34:37 Blast Furnace
35:41 Conscription
36:44 Paladin
37:28 Scale Mail Armor
EVA | luxfma
8:44 Loom
10:37 Feudal Age
16:00 Castle Age
16:52 Fletching
16:55 Double-Bit Axe
16:55 Horse Collar
31:38 Imperial Age
30:29 Wheelbarrow
31:31 Gold Mining
31:48 Onager
32:23 Town Watch
33:23 Siege Engineers
36:15 Masonry
37:20 Conscription
37:20 Bow Saw
37:13 Heavy Plow
37:03 Northmen's Fury
37:07 Siege Onager
41:57 Hand Cart
42:29 Gold Shaft Mining
jakco
8:52 Feudal Age
7:55 Loom
8:35 Double-Bit Axe
10:17 Fletching
20:04 Castle Age
18:15 Horse Collar
19:54 Bow Saw
21:25 Guard Tower
22:45 Bodkin Arrow
23:03 Murder Holes
29:43 Wheelbarrow
29:32 Heavy Plow
36:07 Imperial Age
33:56 Forging
33:52 Gold Mining
35:18 Hand Cart
35:17 Masonry
35:20 Squires
34:45 Pikeman
36:40 Chemistry
38:06 Iron Casting
37:11 Halberdier
42:17 Blast Furnace
迷你鼠
11:53 Feudal Age
12:34 Double-Bit Axe
12:36 Horse Collar
12:49 Gold Mining
15:50 Castle Age
17:03 Bow Saw
16:55 Heavy Plow
18:19 Loom
22:54 Wheelbarrow
23:34 Hand Cart
23:29 Loom
27:51 Imperial Age
25:30 Fletching
25:40 Padded Archer Armor
26:19 Crossbowman
26:55 Bodkin Arrow
26:56 Murder Holes
27:38 Thumb Ring
27:57 Leather Archer Armor
28:54 Ballistics
28:06 Arbalester
28:47 Bracer
29:17 Ring Archer Armor
29:50 Chemistry
28:57 Town Watch
29:55 Crop Rotation
31:50 Scale Mail Armor
32:00 Forging
31:15 Elite Fire Lancer
33:10 Two-Man Saw
32:31 Squires
33:21 Chain Mail Armor
34:50 Plate Mail Armor
36:03 Iron Casting
35:32 Town Patrol
39:41 Stone Mining
39:57 Pikeman
40:45 Scale Barding Armor
40:41 Halberdier
41:55 Fortified Wall
41:56 Masonry
卖完菜回来打游戏
10:37 Feudal Age
14:21 Loom
17:00 Castle Age
15:37 Double-Bit Axe
15:34 Horse Collar
18:14 Bow Saw
18:09 Heavy Plow
21:39 Wheelbarrow
25:36 Imperial Age
23:52 Forging
23:43 Scale Mail Armor
24:36 Hand Cart
25:28 Fortified Wall
25:42 Sanctity
25:46 Fervor
28:36 Chemistry
27:55 Fletching
33:43 Pikeman
34:23 Squires
34:09 Arson
35:30 Bombard Tower
35:17 Siphons
35:23 Masonry
34:55 Halberdier
36:43 Chain Mail Armor
37:04 Iron Casting
Laki
10:46 Feudal Age
11:41 Double-Bit Axe
12:07 Horse Collar
14:39 Castle Age
17:05 Bow Saw
20:53 Wheelbarrow
20:04 Loom
21:04 Heavy Plow
21:48 Stone Mining
25:37 Stone Shaft Mining
24:52 Gold Mining
28:43 Imperial Age
26:24 Fletching
28:03 Gold Shaft Mining
27:36 Bodkin Arrow
29:27 Bracer
29:27 Padded Archer Armor
29:41 Bloodlines
29:32 Husbandry
30:00 Conscription
30:30 Ballistics
31:21 Hand Cart
31:24 Leather Archer Armor
32:04 Elite Mangudai
32:29 Capped Ram
34:44 Chemistry
34:11 Siege Ram
36:42 Scale Barding Armor
36:47 Forging
37:03 Drill
36:35 Light Cavalry
38:12 Hussar
41:05 Chain Barding Armor
41:21 Iron Casting
Connection lost

Rejoining the realm…

Still unreachable

The connection could not be restored.

Session expired

The server has moved on; the page needs a fresh start.